 Dungeon Crawl Stone Soup version 0.21.0-3-g78d12a8 (webtiles) character file.

55 Dfrag the Firebug (level 3, 0/26 HPs)
             Began as a Gnoll Fire Elementalist on Jan 8, 2018.
             Succumbed to a worker ant's poison
             ... on level 2 of the Dungeon.
             The game lasted 00:02:50 (685 turns).

Dfrag the Firebug (Gnoll Fire Elementalist)          Turns: 685, Time: 00:02:51

Health: 0/26       AC:  2    Str: 10    XL:     3   Next: 93%
Magic:  3/9        EV: 15    Int: 18    God:
Gold:   29         SH:  0    Dex: 15    Spells: 11/12 levels left

rFire    . . .     SeeInvis .     - Unarmed
rCold    . . .     Gourm    .   (no shield)
rNeg     . . .     Faith    .   a - +0 robe
rPois    .         Spirit   .   (no helmet)
rElec    .         Reflect  .   (no cloak)
rCorr    .         Harm     .   (no gloves)
MR       .....                  (no boots)
Stlth    +++.......             (no amulet)
HPRegen  0.08/turn              (no ring)
MPRegen  0.11/turn              (no ring)

@: lethally poisoned (0 -> -8)
A: distributed training, fangs 1, strong nose
a: no special abilities


You were on level 2 of the Dungeon.
You were not hungry.

You visited 1 branch of the dungeon, and saw 2 of its levels.

You collected 29 gold pieces.

Inventory:

Armour
 a - a +0 robe (worn)
Scrolls
 d - 3 scrolls of amnesia {unknown}
 e - a scroll of identify {unknown}
 g - a scroll of fog {unknown}
 k - a scroll of enchant armour {unknown}
Potions
 f - a potion of brilliance {unknown}
 h - a potion of curing {unknown}
 i - a potion of haste {unknown}
 j - a potion of mutation {unknown}
Books
 b - a book of Flames

   Spells                             Type                      Level
   a - Flame Tongue                   Conjuration/Fire             1
   b - Throw Flame                    Conjuration/Fire             2
   c - Conjure Flame                  Conjuration/Fire             3
   d - Inner Flame                    Hexes/Fire                   3
   e - Sticky Flame                   Conjuration/Fire             4
   f - Fireball                       Conjuration/Fire             5
Comestibles
 c - 4 rations


   Skills:
 + Level 1.0 Fighting
 + Level 1.0 Short Blades
 + Level 1.0 Long Blades
 + Level 1.0 Axes
 + Level 1.0 Maces & Flails
 + Level 1.0 Polearms
 + Level 1.0 Staves
 + Level 1.0 Slings
 + Level 1.0 Bows
 + Level 1.0 Crossbows
 + Level 1.0 Throwing
 + Level 1.0 Armour
 + Level 4.6 Dodging
 + Level 4.2 Stealth
 + Level 1.0 Shields
 + Level 1.0 Unarmed Combat
 + Level 5.0 Spellcasting
 + Level 2.1 Conjurations
 + Level 0.7 Hexes
 + Level 0.7 Charms
 + Level 0.7 Summonings
 + Level 0.7 Necromancy
 + Level 0.7 Translocations
 + Level 0.7 Transmutations
 + Level 5.4 Fire Magic
 + Level 0.7 Ice Magic
 + Level 0.7 Air Magic
 + Level 0.7 Earth Magic
 + Level 0.7 Poison Magic
 + Level 1.0 Invocations
 + Level 1.0 Evocations


You had 11 spell levels left.
You knew the following spells:

 Your Spells              Type           Power        Failure   Level  Hunger
a - Flame Tongue          Conj/Fire      ###..        2%          1    None


Dungeon Overview and Level Annotations

Branches:
Dungeon (2/15)

Altars:


Innate Abilities, Weirdness & Mutations

Your experience applies equally to all skills.
You have very sharp teeth.
Your uncanny sense of smell can sniff out nearby items.


Message History

The adder hisses angrily.
You hear a shout!
The worker ant bites you but does no damage.
There is a stone staircase leading up here.
Unknown command.
Unknown command.
The worker ant closely misses you. The worker ant misses you.
There are no items here.
Unknown command.
There is a stone staircase leading up here.
The worker ant closely misses you. The worker ant bites you.
* * * LOW HITPOINT WARNING * * *
You are lethally poisoned!
The worker ant poisons you! The adder bites you.
* * * LOW HITPOINT WARNING * * *
There are no items here.
* * * LOW HITPOINT WARNING * * *
You feel sick. The worker ant misses you.
The giant cockroach bites you but does no damage.
The adder misses you. The worker ant barely misses you. x2
You die...

#.#...##......#
######...#..#..[...#.#
....#....##.#..)...#.#
#............(.....#...
#.................##...
#.#.†.......((....##...
#..Saa..........##(.. . #
#....s..(.........#.#
K..#K..##@................
#.....##..................
..................#..>....
.....####.....###.........
..##. ####### ##.##.....
####..... ###.....
##...^... ##.##.....


You could see 2 worker ants, an adder and a giant cockroach.

Vanquished Creatures
  4 adders (D:2)
  A dart slug (D:1)
  2 giant cockroaches
  2 goblins (D:1)
  A hobgoblin (D:1)
  A ball python (D:2)
  4 bats
  3 frilled lizards
  2 kobolds
  A rat (D:1)
21 creatures vanquished.

Notes
Turn   | Place    | Note
-------+----------+-------------------------------------------
     0 | D:1      | Dfrag the Gnoll Fire Elementalist began the quest for the Orb.
     0 | D:1      | Reached XP level 1. HP: 13/13 MP: 6/6
   170 | D:1      | Reached XP level 2. HP: 11/19 MP: 5/7
   581 | D:2      | Reached XP level 3. HP: 25/25 MP: 5/9
   593 | D:2      | Reached skill level 5 in Spellcasting
   598 | D:2      | Reached skill level 1 in Invocations
   664 | D:2      | Reached skill level 1 in Fighting
   664 | D:2      | Reached skill level 1 in Short Blades
   664 | D:2      | Reached skill level 1 in Long Blades
   664 | D:2      | Reached skill level 1 in Axes
   664 | D:2      | Reached skill level 1 in Maces & Flails
   664 | D:2      | Reached skill level 1 in Polearms
   664 | D:2      | Reached skill level 1 in Staves
   664 | D:2      | Reached skill level 1 in Slings
   664 | D:2      | Reached skill level 1 in Bows
   664 | D:2      | Reached skill level 1 in Crossbows
   664 | D:2      | Reached skill level 1 in Throwing
   664 | D:2      | Reached skill level 1 in Armour
   664 | D:2      | Reached skill level 1 in Shields
   664 | D:2      | Reached skill level 1 in Unarmed Combat
   664 | D:2      | Reached skill level 1 in Evocations
   684 | D:2      | HP: 1/26 [poisoned by a worker ant]
   685 | D:2      | Succumbed to a worker ant's poison

Skill      XL: |  1  2  3 |
---------------+----------+-----
Conjurations   | 2 |  2.1
Spellcasting   | 5 |  5.0
Invocations    | 1 |  1.0
Fighting       | 1 |  1.0
Short Blades   | 1 |  1.0
Long Blades    | 1 |  1.0
Axes           | 1 |  1.0
Maces & Flails | 1 |  1.0
Polearms       | 1 |  1.0
Staves         | 1 |  1.0
Slings         | 1 |  1.0
Bows           | 1 |  1.0
Crossbows      | 1 |  1.0
Throwing       | 1 |  1.0
Armour         | 1 |  1.0
Shields        | 1 |  1.0
Unarmed Combat | 1 |  1.0
Evocations     | 1 |  1.0
Dodging        | |  4.6
Stealth        | |  4.2
Hexes          | |  0.7
Charms         | |  0.7
Summonings     | |  0.7
Necromancy     | |  0.7
Translocations | |  0.7
Transmutations | |  0.7
Fire Magic     | |  5.4
Ice Magic      | |  0.7
Air Magic      | |  0.7
Earth Magic    | |  0.7
Poison Magic   | |  0.7

Action                   || total
-------------------------++-------
Melee: Unarmed           ||     7
       Bite              ||     1
 Cast: Flame Tongue      ||    32
Armor: Robe              ||     6
Dodge: Dodged            ||    31
